 Dungeon Crawl Stone Soup version 0.19.0-9-gfd783f2 (webtiles) character file.

1642 asthiss the Basher (level 9, 0/68 HPs)
             Began as a Human Berserker on Nov 7, 2016.
             Was a Priest of Trog.
             Slain by Joseph
             ... wielding a +2 quarterstaff of crushing
              (8 damage)
             ... on level 7 of the Dungeon.
             The game lasted 00:21:52 (5179 turns).

asthiss the Basher (Human Berserker)                Turns: 5179, Time: 00:21:52

Health: 0/68       AC:  8    Str: 20    XL:     9   Next: 19%
Magic:  9/9        EV: 11    Int:  8    God:    Trog [***...]
Gold:   181        SH:  8    Dex: 13    Spells: 0 memorised, 8 levels left

rFire  . . .     SeeInvis .     a - +0 mace
rCold  . . .     Gourm    .     n - +2 leather armour {rPois}
rNeg   . . .     Faith    .     t - +0 shield
rPois  +         Spirit   .     (no helmet)
rElec  .         Reflect  .     (no cloak)
rCorr  .         Harm     .     j - +2 pair of gloves
MR     .....                    (no boots)
Stlth  +++.......               g - amulet of regeneration
                                p - ring of stealth
                                m - ring of flight

@: no status effects
A: no striking features
a: Berserk, Trog's Hand, Burn Spellbooks, Renounce Religion, Evoke Flight


You were on level 7 of the Dungeon.
You worshipped Trog.
Trog was most pleased with you.
You were not hungry.

You visited 1 branch of the dungeon, and saw 7 of its levels.

You collected 181 gold pieces.

Inventory:

Hand Weapons
 a - a +0 mace (weapon)
Armour
 j - a +2 pair of gloves (worn)
 n - a +2 leather armour of poison resistance (worn)
 t - a +0 shield (worn)
Jewellery
 g - an amulet of regeneration (around neck)
 m - a ring of flight (left hand)
 p - a ring of stealth (right hand)
Wands
 k - a wand of teleportation (3/9)
 q - a wand of flame (35/48)
 u - a wand of flame (20/48)
Scrolls
 e - 3 scrolls of remove curse
 h - 6 scrolls of magic mapping
 r - 2 scrolls of identify
Potions
 b - a potion of curing
 d - a potion of agility
 f - 2 potions of flight
 l - 2 potions of brilliance
 o - a potion of magic
 s - a potion of heal wounds
 v - a potion of invisibility
Comestibles
 c - 6 bread rations
 i - 3 meat rations


   Skills:
 + Level 5.2 Fighting
 + Level 8.3 Maces & Flails
 + Level 4.5 Armour
 + Level 4.5 Dodging
 + Level 1.8 Stealth
 + Level 1.9 Shields
 + Level 0.2 Evocations


You had 8 spell levels left.
You didn't know any spells.

Dungeon Overview and Level Annotations

Branches:
Dungeon (7/15)             Temple (0/1) D:5

Altars:
Qazlal

Annotations:
D:7 Joseph


Message History

Joseph is almost dead.
Joseph shouts, "I love to fight!
I love killing!"
You block Joseph's attack.
You hit Joseph.
Joseph is almost dead.
Joseph closely misses you.
You hit Joseph but do no damage.
Joseph is almost dead.
You block Joseph's attack.
You hit Joseph.
Joseph is almost dead.
Joseph hits you with a quarterstaff of crushing!
You closely miss Joseph.
Joseph is almost dead.
Joseph hits you with a quarterstaff of crushing!
* * * LOW HITPOINT WARNING * * *
x2 You hit Joseph.
Joseph is almost dead.
Joseph hits you with a quarterstaff of crushing!
You die...

##################
......@@.?.......#
#####################.##
#...........<...# #.#
#.##########.##.# #.#
#.#..#........#.# #.#
#.#..#........#.# #.#
#.#..#..#####.#.# #.#
#.#..#........#.# #.#
#.#.....#######.# #.#


You could see Joseph.

Vanquished Creatures
  Eustachio (D:6)
  Duvessa (D:5)
  A black bear (D:3)
  3 orc warriors (D:6)
  2 phantoms
  An ogre (D:4)
  A centaur (D:3)
  Blork the orc (D:6)
  2 bullfrogs (D:6)
  Dowan (D:5)
  A scorpion (D:5)
  2 crimson imps
  A hound (D:4)
  3 worker ants
  2 hound skeletons
  6 adders
  A river rat (D:3)
  2 shadow imps (D:5)
  2 oozes
  2 adder skeletons (D:4)
  3 worms (D:2)
  4 leopard geckos
  5 orcs (D:5)
  A ball python (D:4)
  7 giant cockroaches
  7 hobgoblins
  7 jackals
  4 quokkas
  A ball python skeleton (D:5)
  3 bats
  3 frilled lizards
  6 goblins
  A jackal skeleton (D:4)
  9 kobolds
  9 rats
106 creatures vanquished.

Notes
Turn   | Place    | Note
-------+----------+-------------------------------------------
     0 | D:1      | asthiss the Human Berserker began the quest for the Orb.
     0 | D:1      | Reached XP level 1. HP: 18/18 MP: 1/1
   347 | D:1      | Reached XP level 2. HP: 17/24 MP: 2/2
   969 | D:2      | Reached XP level 3. HP: 29/29 MP: 3/3
  1121 | D:2      | Reached ** piety under Trog
  1121 | D:2      | Reached XP level 4. HP: 28/37 MP: 4/4
  1507 | D:3      | Found a glowing drain.
  1591 | D:3      | Reached skill level 4 in Maces & Flails
  1623 | D:3      | Reached XP level 5. HP: 31/42 MP: 5/5
  1697 | D:3      | Noticed a black bear
  1717 | D:3      | Killed a black bear
  1717 | D:3      | Reached XP level 6. HP: 36/48 MP: 6/6
  1872 | D:3      | Reached skill level 5 in Maces & Flails
  2571 | D:4      | Reached XP level 7. HP: 47/54 MP: 7/7
  3148 | D:5      | Entered Level 5 of the Dungeon
  3191 | D:5      | Found a staircase to the Ecumenical Temple.
  3205 | D:5      | Found a stormy altar of Qazlal.
  3305 | D:5      | Reached *** piety under Trog
  3320 | D:5      | Noticed Duvessa
  3339 | D:5      | Killed Duvessa
  3339 | D:5      | Reached skill level 6 in Maces & Flails
  3342 | D:5      | Noticed Dowan
  3356 | D:5      | Killed Dowan
  3367 | D:5      | Reached XP level 8. HP: 60/61 MP: 8/8
  3809 | D:6      | Reached skill level 7 in Maces & Flails
  3809 | D:6      | Reached skill level 1 in Stealth
  3819 | D:6      | HP: 2/61 [orc warrior/falchion (13)]
  3820 | D:6      | Noticed Eustachio
  4223 | D:6      | Reached skill level 1 in Shields
  4287 | D:6      | Noticed Blork the orc
  4330 | D:6      | Killed Blork the orc
  4330 | D:6      | Reached skill level 5 in Fighting
  4515 | D:6      | Killed Eustachio
  4515 | D:6      | Reached XP level 9. HP: 54/68 MP: 9/9
  4704 | D:6      | Reached skill level 8 in Maces & Flails
  5157 | D:7      | Noticed Joseph
  5179 | D:7      | Slain by Joseph

Skill      XL: |  1  2  3  4  5  6  7  8  9 |
---------------+----------------------------+-----
Maces & Flails | 4 5 6 7 8 |  8.3
Armour         | 3 4 |  4.5
Fighting       | 4 5 |  5.2
Dodging        | 3 4 |  4.5
Stealth        | 1 |  1.8
Shields        | 1 |  1.9
Evocations     | |  0.2

Action                   |  1- 3 |  4- 6 |  7- 9 || total
-------------------------+-------+-------+-------++-------
Melee: Mace              |   115 |   209 |   427 ||   751
Invok: Berserk           |     1 |       |     2 ||     3
Evoke: Wand              |       |       |     1 ||     1
  Use: Potion            |     4 |     5 |     3 ||    12
       Scroll            |     3 |     4 |     5 ||    12
 Stab: Invisible         |       |     1 |       ||     1
       Sleeping          |       |       |     2 ||     2
  Eat: Chunk             |     2 |       |     3 ||     5
       Meat ration       |     1 |       |       ||     1
       Beef jerky        |       |       |     1 ||     1
       Bread ration      |       |       |     1 ||     1
       Fruit             |       |       |     1 ||     1
       Pizza             |       |       |     1 ||     1
Armor: Scale mail        |    53 |   124 |     9 ||   186
       Animal skin       |     2 |       |       ||     2
       Leather armour    |       |       |   114 ||   114
Dodge: Dodged            |   102 |   155 |   219 ||   476
Block: Shield            |       |       |    97 ||    97
